 Dungeon Crawl Stone Soup version 0.17.0-28-g6e173f8 (webtiles) character file.

17023 M4edhros the Covert (level 12, 0/68 HPs)
             Began as an Octopode Artificer on Nov 25, 2015.
             Was a High Priest of Okawaru.
             Slain by a yak (17 damage)
             ... on level 1 of the Lair of Beasts.
             The game lasted 00:36:21 (20173 turns).

M4edhros the Covert (Octopode Artificer)           Turns: 20173, Time: 00:36:21

Health: 0/68       AC:  6    Str: 12    XL:     12   Next: 43%
Magic:  23/23      EV: 12    Int: 19    God:    Okawaru [*****.]
Gold:   497        SH:  4    Dex: 16    Spells: 2 memorised, 10 levels left

rFire  + . .     SeeInvis +     H - +2 spear (venom)
rCold  x . .     Rnd*Rage +     P - +0 buckler {reflect}
rNeg   + + .     SustAt   +     Q - +2 hat {Int+3}
rPois  .         Gourm    .     k - amulet of warding
rElec  .         Spirit   .     s - ring of flight
rCorr  .         Warding  +     C - ring of protection from magic
rMut   .         Stasis   .     D - +3 ring of protection
MR     +....                    f - ring of see invisible
Stlth  ++++++++..               E - ring of fire
                                v - ring of sustain attributes
                                h - ring of positive energy
                                (no ring)

@: somewhat resistant to hostile enchantments, extraordinarily stealthy
A: almost no armour, amphibious, 8 rings, constrict 8, camouflage 1, berserk 1,
blink, high mp 1, strong 1, gelatinous body 1, subdued magic 1
a: Blink, Heroism, Finesse, Renounce Religion, Evoke Flight


You were on level 1 of the Lair of Beasts.
You worshipped Okawaru.
Okawaru was extremely pleased with you.
You were very hungry.

You visited 2 branches of the dungeon, and saw 14 of its levels.

You collected 639 gold pieces.
You spent 142 gold pieces at shops.

Inventory:

Hand Weapons
 G - a +2 hunting sling
 H - a +2 spear of venom (weapon)
 O - a +0 blowgun
Missiles
 a - 3 curare-tipped needles
 j - 362 stones
 n - 77 poisoned needles
 q - 8 throwing nets
 L - a tomahawk of dispersal (quivered)
Armour
 P - a +0 buckler of reflection (worn)
 Q - a +2 hat of intelligence (worn)
Jewellery
 f - a ring of see invisible (on tentacle)
 h - a ring of positive energy (on tentacle)
 k - an amulet of warding (around mantle)
 s - a ring of flight (left tentacle)
 v - a ring of sustain attributes (on tentacle)
 C - a ring of protection from magic (right tentacle)
 D - a +3 ring of protection (on tentacle)
 E - a ring of fire (on tentacle)
Wands
 J - a wand of draining (3)
 M - a wand of polymorph (8)
 N - a wand of digging (5)
 R - a wand of paralysis (7)
 V - a wand of slowing (30)
Scrolls
 b - a scroll of vulnerability {unknown}
 i - 8 scrolls of recharging
 o - 4 scrolls of immolation
 x - 5 scrolls of blinking
 A - 2 scrolls of enchant armour
 I - 5 scrolls of teleportation
 K - 3 scrolls of fear
 U - a scroll of identify
Potions
 g - 3 potions of flight
 u - 2 potions of brilliance
Books
 p - a book of Hinderance

   Spells                             Type                      Level
   a - Confusing Touch                Hexes                        2
   b - Confuse                        Hexes                        3
   c - Gell's Gravitas                Hexes/Translocation          3
   d - Petrify                        Transmutation/Earth          4
   e - Metabolic Englaciation         Hexes/Ice                    5
 t - a book of Annihilations

   Spells                             Type                      Level
   a - Poison Arrow                   Conjuration/Poison           6
   b - Chain Lightning                Conjuration/Air              8
   c - Lehudib's Crystal Spear        Conjuration/Earth            8
   d - Glaciate                       Conjuration/Ice              9
   e - Fire Storm                     Conjuration/Fire             9
 w - a book of Cantrips

   Spells                             Type                      Level
   a - Corona                         Hexes                        1
   b - Animate Skeleton               Necromancy                   1
   c - Summon Small Mammal            Summoning                    1
   d - Apportation                    Translocation                1
 Z - a book of Party Tricks

   Spells                             Type                      Level
   a - Summon Butterflies             Summoning                    1
   b - Apportation                    Translocation                1
   c - Tukima's Dance                 Hexes                        3
   d - Alistair's Intoxication        Transmutation/Poison         4
   e - Invisibility                   Hexes                        6
Comestibles
 e - 13 bread rations
 z - 14 fruits
 F - 8 slices of pizza
 T - a royal jelly
 W - a meat ration


   Skills:
 - Level 1.0 Fighting
   Level 1.0 Short Blades
 - Level 10.0 Polearms
 * Level 6.7 Slings
 + Level 2.0 Dodging
 + Level 14.7 Stealth
 + Level 0.4 Shields
 * Level 2.1 Spellcasting
 * Level 2.2 Hexes
 + Level 12.4 Evocations


You had 10 spell levels left.
You knew the following spells:

 Your Spells              Type           Power        Failure   Level  Hunger
a - Confusing Touch       Hex            #.....       9%          2    ##.....
b - Confuse               Hex            #.......     21%         3    ###....


Dungeon Overview and Level Annotations

Branches:
Dungeon (13/15)            Temple (0/1) D:7            Lair (1/8) D:9
    Orc (0/4) D:12
 Vaults: D:13-14

Altars:
Ashenzari
Cheibriados
Dithmenos
Nemelex Xobeh
Okawaru
Sif Muna
Trog
Yredelemnul
The Shining One

Shops:
D:7 ![!%   D:8 (   D:12 ?

Portals:
Trove: D:11 (give 18 scrolls of identify)

Annotations:
D:10 HolyRage's ghost, novice HEFE


Innate Abilities, Weirdness & Mutations

You cannot wear most types of armour.
You are amphibious.
You can wear up to eight rings at the same time.
You can use your tentacles to constrict eight enemies at once.
Your skin changes colour to match your surroundings (Stealth).
Your rubbery body absorbs attacks (AC +1).
You tend to lose your temper in combat.
You can translocate small distances at will.
You have an increased reservoir of magic (+10% MP).
Your muscles are strong. (Str +2)
Your spells are a little easier to cast, but a little less powerful.


Message History

The yak is lightly wounded.
You block the yak's attack.
You hit the yak but do no damage.
The yak is moderately wounded.
The yak gores you!
* * * LOW HITPOINT WARNING * * *
You are too injured to fight recklessly!
You are too injured to fight recklessly!
You hit the yak. You squeeze the yak!
The yak is severely wounded.
You hit the yak.
The yak is severely wounded.
The yak gores you!
* * * LOW HITPOINT WARNING * * *
Drink which item? (? for menu, Esc to quit)
You feel better. The yak gores you but does no damage.
You hit the yak but do no damage. Your squeeze misses the yak.
The yak is severely wounded.
The yak gores you!
You die...

####..........#
#.#.)
#..+..........#
##....
+..#..........#
#.....
#...........#
###P..
##...<......#
####
#...........#
#..........##
##+P..###### #
#@Y..# #
##.#....(# #
######.+# ## ..
#. .. #. . ##.
#P. ##.. #..#


You could see a yak.

Vanquished Creatures
  Frances (D:13)
  Erolcha (D:9)
  An ugly thing (D:9)
  A griffon (D:13)
  3 hill giants
  A manticore (D:9)
  An elephant (D:9)
  A gargoyle (D:12)
  A spiny frog (Lair:1)
  4 trolls
  A two-headed ogre (D:11)
  Prince Ribbit (D:6)
  10 yaks
  6 hippogriffs
  A human (D:7)
  2 wyverns
  2 steam dragons
  Eustachio (D:6)
  A hungry ghost (D:11)
  2 deep elf magi
  2 wargs (D:12)
  A water moccasin (D:8)
  A porcupine (D:9)
  2 sky beasts
  2 orc warriors
  2 black bears
  6 ice beasts
  2 eyes of draining
  9 killer bees
  A phantom (D:8)
  2 necrophages
  7 ogres
  A wasp (D:12)
  8 centaurs
  2 crocodiles
  A gnoll sergeant (D:7)
  2 wyvern zombies
  3 big kobolds
  5 scorpions
  3 giant frogs
  6 jellies
  A giant frog zombie (D:11)
  A wasp zombie (D:12)
  9 crimson imps
  A centaur zombie (D:10)
  4 orc priests
  2 hounds
  2 centaur skeletons
  A giant frog skeleton (D:5)
  3 iguanas
  10 orc wizards
  10 worker ants
  5 sheep
  A hound skeleton (D:8)
  A hound zombie (D:8)
  2 worker ant zombies (D:8)
  Robin (D:4)
  15 adders
  2 gnolls
  13 river rats (Lair:1)
  3 shadow imps
  2 worms (D:2)
  16 giant geckos
  44 orcs
  9 bats
  3 giant cockroaches
  16 hobgoblins
  21 jackals
  A ball python (D:2)
  A giant cockroach zombie (D:6)
  4 giant newts
  17 goblins
  A jackal skeleton (D:4)
  A jackal zombie (D:5)
  27 kobolds
  3 quokkas
  A quokka skeleton (D:9)
  13 rats
  A bush (D:6)
  6 plants (D:6)
384 creatures vanquished.

Vanquished Creatures (collateral kills)
  A killer bee (D:9)
  An orc wizard (D:4)
  2 gnolls (D:7)
  2 river rats (Lair:1)
  An adder skeleton (D:4)
  A jackal skeleton (D:4)
8 creatures vanquished.

Vanquished Creatures (others)
  A water moccasin (D:9)
  A killer bee (D:9)
  A centaur (D:7)
  A giant frog (D:12)
  An adder skeleton (D:6)
  A jackal (D:2)
6 creatures vanquished.

Grand Total: 398 creatures vanquished

Notes
Turn   | Place    | Note
--------------------------------------------------------------
     0 | D:1      | M4edhros the Octopode Artificer began the quest for the Orb.
     0 | D:1      | Reached XP level 1. HP: 13/13 MP: 3/3
   427 | D:1      | Reached XP level 2. HP: 18/18 MP: 4/4
   952 | D:2      | Reached skill level 4 in Evocations
   952 | D:2      | Reached XP level 3. HP: 16/23 MP: 4/6
  1376 | D:2      | Found a shadowy altar of Dithmenos.
  1718 | D:3      | Reached XP level 4. HP: 17/28 MP: 7/7
  2169 | D:3      | Found a bloodstained altar of Trog.
  2184 | D:3      | Reached skill level 5 in Evocations
  2310 | D:3      | Reached XP level 5. HP: 28/33 MP: 8/8
  2404 | D:4      | Noticed an ogre
  2455 | D:4      | Killed an ogre
  2455 | D:4      | Reached skill level 5 in Stealth
  2677 | D:4      | Found an iron altar of Okawaru.
  2698 | D:4      | Became a worshipper of Warmaster Okawaru
  2967 | D:1      | Found a sparkling altar of Nemelex Xobeh.
  3021 | D:1      | Reached XP level 6. HP: 36/38 MP: 10/10
  3429 | D:2      | Found a snail-covered altar of Cheibriados.
  3868 | D:4      | Reached skill level 1 in Polearms
  3893 | D:4      | Reached skill level 6 in Evocations
  4074 | D:4      | Noticed Robin
  4112 | D:4      | Killed Robin
  4695 | D:5      | Entered Level 5 of the Dungeon
  4712 | D:5      | Reached XP level 7. HP: 40/43 MP: 11/11
  5120 | D:5      | Found a glowing golden altar of the Shining One.
  5129 | D:5      | Found a sparkling altar of Nemelex Xobeh.
  5137 | D:5      | Reached skill level 7 in Stealth
  5310 | D:5      | Found a deep blue altar of Sif Muna.
  5311 | D:5      | Found a basalt altar of Yredelemnul.
  5733 | D:6      | Reached XP level 8. HP: 42/48 MP: 13/13
  5808 | D:6      | Noticed a steam dragon
  5811 | D:6      | Noticed a steam dragon
  5824 | D:6      | Killed a steam dragon
  5824 | D:6      | Reached * piety under Okawaru
  5824 | D:6      | Reached skill level 8 in Stealth
  5948 | D:6      | Noticed Prince Ribbit
  5999 | D:6      | Killed Prince Ribbit
  6034 | D:6      | Noticed Eustachio
  6081 | D:6      | Killed Eustachio
  6081 | D:6      | Reached skill level 9 in Stealth
  6107 | D:6      | Gained mutation: Your muscles are strong. (Str +2) [potion of mutation]
  6107 | D:6      | Gained mutation: You can translocate small distances at will. [potion of mutation]
  6107 | D:6      | Gained mutation: Your spells are a little easier to cast, but a little less powerful. [potion of mutation]
  6458 | D:6      | Reached ** piety under Okawaru
  6458 | D:6      | Reached skill level 5 in Polearms
  6637 | D:6      | Lost mutation: Your muscles are strong. (Str +2) [potion of mutation]
  6637 | D:6      | Gained mutation: You are agile. (Dex +2) [potion of mutation]
  6810 | D:6      | Reached XP level 9. HP: 53/53 MP: 15/15
  6944 | D:6      | Noticed a manticore
  7243 | D:7      | Reached skill level 10 in Stealth
  7272 | D:7      | Found Yshifisch's Antique Armour Boutique.
  7483 | D:7      | Gained mutation: You tend to lose your temper in combat. [potion of mutation]
  7483 | D:7      | Gained mutation: You have an increased reservoir of magic (+10% MP). [potion of mutation]
  7483 | D:7      | Lost mutation: You are agile. (Dex +2) [potion of mutation]
  7507 | D:7      | Found Enoegoot's Food Shop.
  7512 | D:7      | Found Zasmimau's Distillery.
  8418 | D:7      | Killed a steam dragon
  8482 | D:7      | Reached skill level 11 in Stealth
  8744 | D:7      | Reached *** piety under Okawaru
  8779 | D:7      | Found Poefupew's Distillery.
  8785 | D:7      | Bought a potion of heal wounds for 60 gold pieces
  8785 | D:7      | Bought a potion of might for 48 gold pieces
  8890 | D:7      | Found a staircase to the Ecumenical Temple.
  9407 | D:8      | Reached XP level 10. HP: 33/58 MP: 17/19
  9440 | D:8      | Found Girupuib's Weapon Emporium.
  9534 | D:8      | Reached skill level 10 in Evocations
 10088 | D:9      | Found a staircase to the Lair.
 10088 | D:9      | Noticed an elephant
 10110 | D:9      | Reached skill level 12 in Stealth
 10169 | D:10     | Entered Level 10 of the Dungeon
 10687 | D:9      | Found a shattered altar of Ashenzari.
 10791 | D:9      | Noticed Erolcha
 10814 | D:9      | Killed Erolcha
 10814 | D:9      | Reached **** piety under Okawaru
 10934 | D:9      | Reached ***** piety under Okawaru
 11174 | D:9      | Killed an elephant
 11878 | D:10     | Noticed HolyRage's ghost (novice HEFE)
 12151 | D:10     | Reached skill level 13 in Stealth
 13177 | D:8      | Reached XP level 11. HP: 32/63 MP: 21/21
 13544 | D:9      | Killed a manticore
 13590 | D:9      | Noticed a white ugly thing
 13630 | D:9      | Killed a white ugly thing
 13697 | D:9      | Gained mutation: Your muscles are strong. (Str +2) [mutagenic meat]
 13836 | Lair:1   | Entered Level 1 of the Lair of Beasts
 14637 | D:9      | Found a bloodstained altar of Trog.
 14646 | D:9      | Received a gift from Okawaru
 14649 | D:9      | Reached skill level 1 in Slings
 15282 | D:11     | Noticed a hill giant
 15290 | D:11     | Killed a hill giant
 15462 | D:11     | Found a portal to a secret trove of treasure.
 15940 | D:11     | Reached skill level 14 in Stealth
 17282 | D:12     | Noticed a hill giant
 17304 | D:12     | Killed a hill giant
 17399 | D:12     | Found Pasarhid's Magic Scroll Shop.
 17435 | D:12     | Reached skill level 5 in Slings
 17671 | D:12     | Bought a scroll of identify for 34 gold pieces
 17935 | D:12     | Reached XP level 12. HP: 5/68 MP: 23/23
 17936 | D:12     | HP: 2/68 [acid (3)]
 18295 | D:12     | Found a staircase to the Orcish Mines.
 18414 | D:12     | Reached skill level 10 in Polearms
 19025 | D:12     | Noticed a hill giant
 19060 | D:12     | Killed a hill giant
 19276 | D:13     | Learned a level 2 spell: Confusing Touch
 19280 | D:13     | Learned a level 3 spell: Confuse
 19309 | D:13     | Noticed Frances
 19565 | D:13     | Reached skill level 1 in Hexes
 19754 | D:13     | Killed Frances
 19754 | D:13     | Received a gift from Okawaru
 19754 | D:13     | Reached skill level 1 in Spellcasting
 19851 | D:13     | Noticed a six-headed hydra
 20173 | Lair:1   | Slain by a yak

Action                   |  1- 3 |  4- 6 |  7- 9 | 10-12 || total
-------------------------+-------+-------+-------+-------++-------
Melee: Short sword       |    73 |    51 |       |       ||   124
       Spear             |       |   144 |   633 |   797 ||  1574
 Fire: Hunting sling     |       |       |       |    15 ||    15
       Blowgun           |       |       |       |   114 ||   114
Throw: Tomahawk          |       |       |       |     4 ||     4
       Throwing net      |       |       |       |     2 ||     2
Invok: Heroism           |       |       |       |     3 ||     3
 Abil: Blink             |       |       |     1 |       ||     1
Evoke: Wand              |    11 |     8 |    25 |    16 ||    60
  Use: Potion            |     4 |     5 |     8 |    10 ||    27
       Scroll            |       |    10 |     5 |     7 ||    22
 Stab: Sleeping          |     4 |    19 |    21 |    42 ||    86
       Distracted        |       |     3 |     1 |     7 ||    11
       Paralysed         |       |       |    17 |     7 ||    24
  Eat: Chunk             |     1 |     9 |    12 |    13 ||    35
       Meat ration       |       |     1 |       |     4 ||     5
       Beef jerky        |       |       |       |     5 ||     5
